Map: Acid Plant LE

Players

Neeb

  • Race: Protoss Protoss
  • Spawn Location: 5:00

Zanster - Winner!

  • Race: Zerg Zerg
  • Spawn Location: 11:00

Event: WCS Leipzig 2018

VOD

Have the link to the VOD?

Description

Time

  • Played on: Jan. 26, 2018, 12:25 p.m.
  • Length: 12:19

All games in this series

Show
View Real Time Build Order
Export as new Build Order

Neeb Protoss 

Build Orders: Nexus First, Oracle Opening, Chargelot Immortal 

Get SALT Encoding   

  12  0:00  Probe  
  13  0:12  Probe  
  14  0:17  Pylon  
  14  0:24  Probe (Chrono Boost)  
  15  0:37  Probe (Chrono Boost)  
  16  0:45  Probe (Chrono Boost)  
  17  0:51  Probe  
  18  1:01  Nexus  
  18  1:13  Gateway  
  18  1:15  Probe  
  19  1:20  Assimilator  
  19  1:27  Probe  
  19  1:29  Assimilator  
  20  1:39  Probe  
  21  1:40  Pylon  
  21  1:51  Probe  
  22  2:00  Cybernetics Core  
  22  2:03  Probe (Chrono Boost)  
  23  2:13  Probe (Chrono Boost)  
  25  2:15  Probe (Chrono Boost)  
  26  2:23  Probe x2 (Chrono Boost)  
  26  2:27  Probe (Chrono Boost)  
  28  2:30  Probe  
  28  2:34  Adept (Chrono Boost)  
  31  2:37  Warp Gate  
  31  2:39  Probe, Stargate  
  31  2:42  Probe  
  33  2:51  Probe  
  33  2:53  Adept  
  33  2:54  Probe  
  37  3:03  Probe  
  38  3:06  Probe  
  38  3:07  Pylon  
  39  3:16  Probe  
  39  3:18  Probe  
  41  3:22  Oracle (Chrono Boost)  
  44  3:28  Probe  
  44  3:30  Probe  
  44  3:31  Adept  
  44  3:32  Gateway x2  
  47  3:36  Shield Battery  
  47  3:39  Pylon  
  47  3:40  Probe  
  48  3:42  Probe  
  49  3:49  Oracle (Chrono Boost)  
  49  3:52  Probe  
  49  3:53  Assimilator  
  49  3:54  Probe, Assimilator  
  54  4:00  Pylon  
  54  4:04  Probe  
  54  4:06  Probe  
  56  4:16  Probe  
  57  4:18  Probe  
  57  4:20  Phoenix (Chrono Boost)  
  60  4:25  Robotics Facility  
  60  4:28  Pylon  
  60  4:29  Probe  
  61  4:31  Twilight Council  
  61  4:32  Probe  
  62  4:41  Probe  
  62  4:44  Probe  
  64  4:52  Adept x3  
  65  4:54  Probe  
  65  4:56  Probe  
  67  5:06  Probe, Charge (Chrono Boost)  
  68  5:08  Probe  
  68  5:10  Nexus  
  68  5:13  Pylon  
  69  5:14  Pylon  
  69  5:17  Sentry x3  
  69  5:18  Probe  
  69  5:20  Probe  
  77  5:28  Immortal (Chrono Boost)  
  75  5:31  Probe  
  75  5:32  Probe  
  79  5:36  Shield Battery  
  79  5:41  Forge  
  79  5:43  Probe  
  79  5:44  Sentry  
  79  5:45  Probe  
  79  5:47  Sentry  
  79  5:48  Zealot  
  87  5:55  Probe, Pylon  
  85  5:57  Probe  
  85  6:01  Pylon  
  82  6:05  Immortal (Chrono Boost)  
  82  6:08  Adept, Probe  
  82  6:10  Adept  
  82  6:11  Probe  
  82  6:15  Shield Battery, Protoss Ground Weapons Level 1 (Chrono Boost)  
  82  6:20  Probe  
  82  6:25  Shield Battery  
  83  6:28  Probe  
  83  6:29  Probe  
  85  6:33  Probe, Templar Archives  
  85  6:35  Sentry  
  88  6:40  Probe, Immortal (Chrono Boost)  
  88  6:43  Probe  
  88  6:45  Probe  
  95  6:47  Assimilator  
  95  6:48  Assimilator  
  95  6:52  Pylon  
  95  6:56  Pylon  
  95  7:02  Pylon  
  95  7:04  Pylon  
  95  7:07  Pylon  
  97  7:09  Psionic Storm, Immortal (Chrono Boost)  
  97  7:15  High Templar  
  101  7:18  Gateway  
  101  7:19  High Templar  
  101  7:20  Gateway  
  101  7:21  Gateway  
  103  7:23  Shield Battery  
  103  7:24  Gateway  
  103  7:27  Gateway  
  103  7:30  Shield Battery  
  103  7:39  High Templar  
  103  7:42  Pylon  
  105  7:45  Photon Cannon  
  105  7:47  Immortal (Chrono Boost)  
  105  7:51  Zealot  
  111  7:52  Zealot  
  111  7:57  Gateway x2  
  113  7:59  Protoss Ground Weapons Level 2 (Chrono Boost)  
  113  8:05  Photon Cannon  
  113  8:19  Robotics Facility  
  113  8:20  Zealot  
  113  8:21  Observer, Zealot x4  
  113  8:24  Nexus  
  124  8:27  Pylon  
  114  8:43  High Templar x2, Immortal  
  114  8:44  Zealot x6  
  133  8:48  Archon  
  121  9:04  Zealot x2  
  121  9:05  Zealot x2  
  125  9:10  Immortal  
  125  9:14  Pylon  
  125  9:15  Pylon  
  129  9:19  High Templar x2  
  129  9:20  High Templar x2  
  129  9:22  Immortal  
  141  9:32  Zealot x4  
  149  9:44  Zealot  
  151  9:49  Immortal  
  151  9:51  Zealot  
  135  10:01  Probe  
  135  10:02  Probe  
  135  10:04  Probe  
  118  10:10  Zealot  
  118  10:14  Probe x2  
  116  10:16  Probe  
  117  10:23  Immortal (Chrono Boost)  
  117  10:24  High Templar x3  
  117  10:25  High Templar, Zealot x5  
  139  10:29  Photon Cannon  
  139  10:30  Archon  
  139  10:31  Archon  
  139  10:35  Immortal (Chrono Boost)  
  143  11:00  High Templar x2, Zealot  
  143  11:01  Zealot x2  
  153  11:05  Archon  
  153  11:06  Nexus  
  153  11:07  Immortal (Chrono Boost)  
  153  11:08  Pylon  
  153  11:10  Zealot x2  
  161  11:13  Probe x2  
  161  11:15  Archon  
  161  11:17  Zealot  
  161  11:18  Probe  
  161  11:24  Zealot  
  161  11:25  Probe  
  160  11:30  Probe  
  148  11:39  High Templar x2  
  139  11:40  High Templar, Zealot x2  
  145  12:04  High Templar x2, Zealot  
  151  12:08  Archon  
  151  12:14  Nexus, Zealot x3  
Show
View Real Time Build Order
Export as new Build Order

Zanster Zerg - Winner!

Build Orders: Hatch First 

Get SALT Encoding   

  12  0:00  Drone  
  13  0:13  Overlord  
  13  0:17  Drone  
  14  0:31  Drone  
  14  0:32  Drone  
  14  0:35  Drone  
  17  0:52  Hatchery  
  17  0:54  Drone  
  17  0:58  Drone  
  18  1:10  Extractor  
  17  1:13  Spawning Pool  
  17  1:16  Drone  
  17  1:19  Drone  
  18  1:30  Drone  
  19  1:39  Drone  
  20  1:50  Overlord  
  20  2:03  Queen  
  20  2:04  Queen  
  20  2:05  Zergling x4  
  26  2:11  Metabolic Boost  
  26  2:13  Drone  
  26  2:15  Drone  
  28  2:24  Drone  
  28  2:26  Drone  
  30  2:37  Hatchery  
  30  2:39  Drone  
  30  2:41  Drone  
  30  2:44  Drone  
  32  2:47  Drone  
  33  2:51  Queen  
  33  2:56  Overlord  
  35  2:59  Drone  
  36  3:08  Overlord  
  36  3:15  Drone x5  
  36  3:19  Drone x2  
  43  3:21  Drone  
  44  3:28  Evolution Chamber  
  44  3:29  Drone  
  44  3:33  Spore Crawler  
  43  3:37  Zergling x4  
  45  3:43  Zergling x4  
  45  3:44  Overlord  
  47  3:49  Drone x4  
  47  3:50  Drone  
  47  3:54  Drone, Spore Crawler  
  52  4:01  Drone x3  
  55  4:06  Zerg Melee Weapons Level 1  
  55  4:07  Overlord  
  55  4:12  Queen  
  55  4:14  Spore Crawler  
  55  4:15  Drone  
  56  4:17  Drone  
  56  4:20  Drone x3  
  56  4:22  Drone  
  56  4:23  Drone  
  62  4:25  Drone  
  62  4:26  Drone  
  62  4:28  Drone  
  65  4:32  Drone  
  65  4:38  Lair  
  66  4:42  Drone, Spore Crawler  
  66  4:43  Drone  
  66  4:45  Overlord  
  63  4:54  Queen  
  63  4:55  Drone  
  63  4:56  Drone x3  
  63  4:58  Overlord  
  69  5:01  Overlord  
  69  5:04  Extractor  
  69  5:05  Extractor, Overlord  
  67  5:16  Zergling x18  
  67  5:18  Zergling x2  
  67  5:19  Zergling x2  
  78  5:25  Zergling x2  
  78  5:26  Zergling x4  
  81  5:32  Zergling x2  
  80  5:37  Extractor  
  80  5:40  Hydralisk Den  
  80  5:42  Extractor  
  77  5:43  Drone x5  
  77  5:48  Drone  
  82  5:50  Baneling Nest  
  82  5:53  Drone  
  82  5:54  Drone  
  82  5:55  Drone  
  83  6:02  Overlord  
  77  6:06  Zerg Melee Weapons Level 2  
  77  6:07  Drone x5  
  77  6:08  Drone x2  
  81  6:11  Drone  
  81  6:12  Drone x3  
  81  6:15  Evolution Chamber  
  81  6:16  Drone  
  79  6:19  Overlord  
  79  6:20  Drone  
  79  6:31  Hatchery  
  79  6:32  Muscular Augments  
  78  6:34  Hydralisk  
  78  6:35  Hydralisk x5  
  90  6:40  Zergling x6  
  90  6:43  Zerg Missile Weapons Level 1  
  90  6:44  Zergling x10  
  98  6:51  Overlord  
  99  6:54  Zergling x4  
  99  7:01  Zergling x8, Hatchery  
  103  7:04  Centrifical Hooks  
  103  7:05  Overseer  
  103  7:11  Hydralisk x4  
  103  7:12  Zergling x2  
  103  7:13  Zergling x2  
  113  7:22  Zergling x2  
  114  7:25  Overlord x3  
  114  7:26  Overlord  
  114  7:28  Overlord  
  114  7:37  Overlord  
  114  7:45  Infestation Pit  
  114  7:46  Drone  
  114  7:47  Drone x11  
  114  7:50  Drone  
  126  7:53  Extractor  
  126  7:54  Drone, Overlord  
  126  7:55  Drone  
  127  8:01  Hydralisk x3  
  132  8:08  Zergling x2, Hydralisk  
  132  8:09  Zergling x2  
  132  8:10  Overseer  
  132  8:11  Overlord  
  136  8:15  Zergling x16  
  136  8:18  Baneling x6  
  136  8:19  Zergling x2  
  145  8:22  Hive  
  145  8:24  Spore Crawler  
  145  8:26  Zergling x14  
  151  8:31  Zergling x2  
  151  8:34  Baneling  
  151  8:35  Baneling x5  
  151  8:38  Zerg Missile Weapons Level 2  
  149  8:43  Zergling x20, Spire  
  149  8:44  Zergling x2  
  149  8:47  Overlord  
  159  8:52  Baneling x9  
  159  8:53  Zergling x6  
  154  9:03  Zergling x8  
  154  9:04  Zergling x8  
  154  9:07  Overlord  
  157  9:11  Queen  
  159  9:18  Zergling x2  
  159  9:19  Zergling x14  
  167  9:27  Hatchery  
  167  9:30  Zergling x20  
  176  9:34  Baneling  
  176  9:35  Baneling x5  
  176  9:40  Zergling x16  
  176  9:43  Overlord  
  172  9:58  Zergling x6  
  172  9:59  Zergling x16  
  157  10:10  Greater Spire, Adrenal Glands  
  157  10:13  Hydralisk  
  143  10:14  Zergling x12  
  143  10:19  Zergling x2, Hydralisk  
  151  10:26  Hydralisk  
  151  10:27  Zergling x8  
  157  10:36  Baneling x7  
  157  10:38  Baneling x8  
  157  10:41  Hatchery  
  156  10:45  Zergling x16  
  164  10:55  Overlord  
  164  11:01  Corruptor x9  
  179  11:11  Zergling x24  
  175  11:27  Zergling x6  
  175  11:28  Zergling x22  
  166  11:37  Corruptor  
  166  11:38  Corruptor  
  152  11:40  Brood Lord x4  
  160  11:51  Extractor  
  160  11:52  Extractor  
  160  11:53  Zergling x20  
  160  11:54  Zergling x14  
Tags
 
Add a new tag
Caveats
  • Supply blocks, unpowered buildings, or Contaminate may cause inaccurate times.
  • Supply counts are checked every 10 seconds.